 Dungeon Crawl Stone Soup version 0.30.1-4-g462c640d31 (webtiles) character file.

Game seed: 1294269663004254931

97 Janerl the Trooper (level 4, 0/41 HPs)
             Began as a Minotaur Berserker on Sept 9, 2023.
             Was a Believer of Trog.
             Killed by divine providence
             ... invoked by an orc priest
              (17 damage)
             ... on level 3 of the Dungeon.
             The game lasted 00:04:12 (1355 turns).

Janerl the Trooper (Minotaur Berserker)             Turns: 1355, Time: 00:04:12

Health: 0/41       AC:  5    Str: 21    XL:     4   Next: 42%
Magic:  0/3        EV: 12    Int:  6    God:    Trog [**....]
Gold:   100        SH:  8    Dex: 10    Spells: 3/3 levels left

rFire   . . .        a - +0 spear
rCold   . . .        (no shield)
rNeg    . . .        b - +0 animal skin
rPois   .            l - +1 hat
rElec   .            (no cloak)
rCorr   .            f - +1 pair of gloves
SInv    .            (no boots)
Will    .....        m - brooch of Shielding {Spirit SH+8}
Stlth   +            (no ring)
HPRegen 0.26/turn    (no ring)
MPRegen 0.08/turn

%: guardian spirit
@: no status effects
A: horns 2, retaliatory headbutt
a: Renounce Religion, Berserk, Trog's Hand


You were on level 3 of the Dungeon.
You worshipped Trog.
Trog was pleased with you.
You visited 1 branch of the dungeon, and saw 3 of its levels.

You collected 100 gold pieces.

Inventory:

Hand Weapons
 a - a +0 spear (weapon)
Armour
 b - a +0 animal skin (worn)
 f - a +1 pair of gloves (worn)
 l - a +1 hat (worn)
Jewellery
 m - the brooch of Shielding (around neck) {Spirit SH+8}
   (You found it on level 2 of the Dungeon)

   [amulet of guardian spirit]

   It causes incoming damage to be divided between your reserves of health and
   magic.
   SH:        It affects your SH (+8).
Scrolls
 c - a scroll of vulnerability {unknown}
 h - a scroll of enchant weapon {unknown}
 i - a scroll of butterflies {unknown}
 j - a scroll of fog {unknown}
 k - a scroll of identify {unknown}
 o - 3 scrolls of immolation {unknown}
 p - a scroll of teleportation {unknown}
Potions
 d - 2 potions of haste {unknown}
 e - a potion of brilliance {unknown}
 g - 3 potions of curing {unknown}
 n - a potion of attraction {unknown}


   Skills:
 + Level 4.7 Fighting
 + Level 4.7 Polearms
 + Level 2.7 Armour
 + Level 3.1 Dodging
 + Level 0.1 Stealth


You had 3 spell levels left.
You didn't know any spells.
Your spell library was empty.

Dungeon Overview and Level Annotations

Branches:
Dungeon (3/15)

Altars:

Shops:
D:1 [   D:2 =


Innate Abilities, Weirdness & Mutations

You have a pair of horns on your head.
You reflexively headbutt those who attack you in melee.


Message History

The orc wizard flickers and vanishes!
You hit the orc.
You kill the orc!
Trog accepts your kill.
The orc priest invokes the aid of Beogh against you.
You hit something. Trog accepts your kill.
Trog appreciates your killing of a magic user.
Reactivating autopickup.
You feel a bit more experienced.
The orc priest mumbles some strange prayers to Beogh against you.
Beogh smites you!
You barely miss the kobold. The kobold misses you.
You hit the kobold.
The kobold is moderately wounded.
You barely miss the kobold.
The kobold is moderately wounded.
The orc priest looks encouraged for a moment.
The kobold barely misses you. You furiously retaliate!
You headbutt the kobold!
You kill the kobold!
Trog accepts your kill. The orc priest misses you.
Something hits you but does no damage.
Deactivating autopickup; reactivate with Ctrl-A.
You block the orc's attack.
Items here: ))) [[ ††.
You barely miss the orc priest. You block the orc's attack.
The orc priest hits you with a +0 dagger.
The orc priest looks satisfied for a moment.
Something hits you.
You puncture the orc priest!
The orc priest is heavily wounded.
The orc priest hits you with a +0 dagger.
Something hits you. The orc closely misses you.
You closely miss the orc. Your headbutt misses the orc.
The orc priest looks satisfied for a moment.
A giant cockroach comes into view.
The giant cockroach bites you but does no damage.
The orc priest invokes the aid of Beogh against you.
Beogh smites you!
You die...

#.# #... #.... #.#
#..##..... #.#
#..#.....
#######.###lS.$#
..........o...#
######.###o...# #.#
#.##.#
..########.###o##...
.......<.@..........?.
..########B###.#######
#.# #.. #.# ### #.#
#.# #.# ...


You could see an orc priest and a giant cockroach.

Vanquished Creatures
  An orc wizard (D:3)
  4 adders (D:2)
  2 dart slugs
  An orc (D:3)
  2 ball pythons
  3 bats
  4 endoplasms (D:2)
  2 giant cockroaches (D:1)
  2 goblins (D:2)
  A quokka (D:2)
  3 frilled lizards
  6 kobolds
  A rat (D:3)
32 creatures vanquished.

Notes
Turn   | Place    | Note
-------+----------+-------------------------------------------
     0 | D:1      | Janerl the Minotaur Berserker began the quest for the Orb.
     0 | D:1      | Reached XP level 1. HP: 19/19 MP: 0/0
    59 | D:1      | Found Nuf Tono's Antique Armour Shoppe.
   213 | D:1      | Reached XP level 2. HP: 27/27 MP: 1/1
   393 | D:1      | Found a faded altar of an unknown god.
   772 | D:2      | Reached XP level 3. HP: 14/33 MP: 2/2
   913 | D:2      | Found the brooch of Shielding {Spirit SH+8}
  1056 | D:2      | Found Henwairch's Jewellery Boutique.
  1255 | D:2      | Reached ** piety under Trog
  1256 | D:2      | Reached XP level 4. HP: 41/41 MP: 3/3
  1355 | D:3      | Killed from afar by an orc priest

Illustrated notes

Levels and vault maps discovered:
D:1:      tarquinn_simple_flora_water_f, layout_loops_ring, serial_shops,
          shop_fountains, chequers_ecumenical_altar_lobes, minmay_door_square
D:2:      layout_rooms, serial_shops, nicolae_shop_trees
D:3:      minmay_razor_zed, layout_rooms

Skill      XL: |  1  2  3 |
---------------+----------+-----
Fighting       | 4 |  4.7
Polearms       | 4 |  4.7
Dodging        | 3 |  3.1
Armour         | |  2.7
Stealth        | |  0.1

Action                     |  1- 3 |  4- 6 || total
---------------------------+-------+-------++-------
  Melee: Spear             |    79 |    14 ||    93
         Headbutt          |    11 |     2 ||    13
 Armour: Animal skin       |    28 |     3 ||    31
  Dodge: Dodged            |    51 |     5 ||    56
  Block: Other             |     7 |     4 ||    11
